 Dungeon Crawl Stone Soup version 0.25.1-2-g60ff931df9 (webtiles) character file.

Game seed: 5574645507612457170

20019 BledDest the Thrower (level 12, 0/93 HPs)
             Began as a Troll Monk on Aug 1, 2020.
             Was the Champion of Ru.
             Engulfed by a cloud of freezing vapour (6 damage)
             ... on level 2 of the Lair of Beasts.
             The game lasted 00:20:40 (11412 turns).

BledDest the Thrower (Troll Monk)                  Turns: 11412, Time: 00:20:41

Health: 0/93       AC: 11    Str: 22    XL:     12   Next: 41%
Magic:  13/13      EV: 12    Int:  6    God:    Ru [******]
Gold:   738        SH:  0    Dex: 16    Spells: 11/11 levels left

rFire    + . .     SeeInvis .     - Unarmed
rCold    + . .     Gourm    +   (shield unavailable)
rNeg     . . .     Faith    .   L - +3 troll leather armour {Snorg}
rPois    +         Spirit   .   (helmet restricted)
rElec    +         Reflect  .   l - scarf {repulsion}
rCorr    +         Harm     .   (gloves unavailable)
MR       .....                  (boots unavailable)
Stlth    ..........             (no amulet)
HPRegen  1.05/turn              (ring unavailable)
MPRegen  0.13/turn              p - ring of wizardry

@: resistant, very slightly contaminated, repel missiles
A: large, unfitting armour, claws 3, fast metabolism 3, frail 1, gourmand,
regeneration 1, shaggy fur 1, tough skin 3, missing a hand, no stealth, no
conjurations magic, no fire magic, no hexes magic
a: Draw Out Power, Power Leap, Apocalypse, Renounce Religion


You were on level 2 of the Lair of Beasts.
You worshipped Ru.
Ru was exalted by your worship.
You were very full.

You visited 2 branches of the dungeon, and saw 13 of its levels.

You collected 780 gold pieces.
You spent 42 gold pieces at shops.

Inventory:

Missiles
 a - a throwing net
 e - 75 poisoned darts
 g - 147 stones
 t - 12 javelins
 z - 11 large rocks (quivered)
 M - 4 silver javelins
Armour
 l - a scarf of repulsion (worn)
 E - +2 steam dragon scales
 L - a +3 troll leather armour (worn) {Snorg}
Jewellery
 p - a ring of wizardry (right claw)
 S - a +6 ring of intelligence {unknown}
 T - a +6 ring of strength {unknown}
Wands
 v - a wand of paralysis (13)
 w - a wand of flame (38)
 y - a wand of acid (6)
 G - a wand of disintegration (18)
 Q - a wand of iceblast (7)
Scrolls
 c - 9 scrolls of teleportation
 i - 3 scrolls of blinking
 k - 5 scrolls of remove curse
 o - 4 scrolls of amnesia
 r - 2 scrolls of enchant armour {unknown}
 u - 4 scrolls of enchant weapon
 x - a scroll of vulnerability {unknown}
 A - a scroll of fear {unknown}
 B - a scroll of immolation {unknown}
 C - 2 scrolls of random uselessness
 I - 2 scrolls of torment {unknown}
 K - a scroll of silence {unknown}
 N - a scroll of magic mapping {unknown}
 O - a scroll of noise {unknown}
 P - 3 scrolls of fog {unknown}
 R - a scroll of acquirement {unknown}
Potions
 d - a potion of heal wounds
 f - 3 potions of might
 h - a potion of stabbing
 j - 6 potions of lignification
 m - 2 potions of resistance
 n - 2 potions of brilliance
 q - a potion of ambrosia
 s - 2 potions of cancellation
 D - 5 potions of curing
 F - a potion of mutation
 H - a potion of flight
Comestibles
 b - 23 rations


   Skills:
 - Level 2.4 Fighting
 - Level 14.0 Throwing
 + Level 4.6 Dodging
 - Level 12.0 Unarmed Combat
 + Level 3.4 Evocations


You had 11 spell levels left.
You didn't know any spells.
Your spell library contained the following spells:

 Spells                   Type           Power        Failure   Level  Hunger
 Freeze                   Ice            #...         22%         1    ##.....
 Frozen Ramparts          Ice            #.....       52%         3    ####...
 Ozocubu's Armour         Chrm/Ice       #.......     52%         3    ####...
 Summon Ice Beast         Ice/Summ       #.......     89%         4    #####..
 Hailstorm                Conj/Ice       Unusable     N/A         4    N/A

Dungeon Overview and Level Annotations

Branches:
Dungeon (11/15)            Temple (0/1) D:4            Lair (2/6) D:11
    Orc (0/2) D:11
  Swamp: Lair:2-4    Shoals: Lair:2-4     Snake: Lair:2-4    Spider: Lair:2-4

Altars:
Ashenzari
Dithmenos
Elyvilon
Fedhas
Gozag
Hepliaklqana
Makhleb
Nemelex Xobeh
Okawaru
Ru
Sif Muna
Trog
Yredelemnul
Zin

Shops:
D:6 *}

Annotations:
Lair:1 1 runed translucent door, Sammaje's ghost, novice MiBe


Innate Abilities, Weirdness & Mutations

You are too large for most types of armour.
You have claws for hands.
Your metabolism is lightning-fast.
You are frail. (-10% HP)
You like to eat raw meat.
Your natural rate of healing is unusually fast.
You are covered in fur. (AC +1)
You have extremely tough skin. (AC +3)
You are missing a hand.
You cannot be stealthy.
You cannot study or cast Conjurations magic.
You cannot study or cast Fire magic.
You cannot study or cast Hexes magic.


Message History

* * * LOW HITPOINT WARNING * * *
The ice beast closely misses you.
The ice beast hits you but does no damage.
You mangle the ice statue!!
The ice statue is almost destroyed.
The ice beast hits you but does no damage.
The ice beast barely misses you.
The ice beast hits you but does no damage.
You barely miss the ice statue.
The ice statue is almost destroyed.
The ice beast hits you but does no damage.
The ice statue glitters chillingly in the dim dungeon light.
The ice statue gestures at you. The freezing blast misses you.
The ice beast hits you but does no damage.
You claw the ice statue!
You destroy the ice statue!
The ice beast disappears in a puff of smoke! x3
You are engulfed in freezing vapours.
You resist.
You die...

.≈≈≈.≈≈≈.# ..≈≈≈...≈≈≈≈≈...≈.≈#
$≈≈.≈.≈≈≈≈≈≈≈.≈.≈≈##
....≈≈≈≈≈≈≈≈≈≈≈≈...#
...≈≈≈≈≈≈≈≈≈≈≈≈≈..##
#..≈≈≈≈≈≈≈≈≈≈≈≈≈..## ##
##..≈≈≈≈≈☼)}≈≈≈≈≈..P#####. ##
###....≈≈≈○☼§$≈≈≈≈..........
##P##P##...≈≈≈≈@§[≈≈≈≈..........
#.........≈≈≈≈§○§)≈≈≈≈≈.........
##.........≈≈≈≈≈☼≈≈≈≈≈≈≈.........
.#.........≈≈≈≈≈≈≈≈≈≈≈≈≈.........
#.....>....≈≈≈≈≈≈≈≈≈≈≈≈≈.........
##.......≈≈.≈.≈≈≈≈≈.≈.≈.≈≈.......
#..+#.##..≈≈...≈≈≈≈≈...≈≈≈.####+.
#..####≈≈≈≈.≈.≈.≈.≈.≈≈≈≈.# #..
#...# #.≈≈≈..≈.....≈≈≈≈.## #.#


There were no monsters in sight!

Vanquished Creatures
  Snorg (D:10)
  Harold (D:8)
  Erolcha (D:11)
  Erica (D:10)
  2 two-headed ogres
  Urug (D:10)
  A cyclops (D:11)
  An ice statue (Lair:2)
  The ghost of dracomuter the Chiller, a novice BaIE (D:3)
  3 spiny frogs
  The ghost of farkougg the Spear-Bearer, a novice MfSk (D:6)
  Maggie (D:8)
  A komodo dragon (Lair:1)
  An ice devil (Lair:2)
  A troll (D:11)
  4 polar bears (Lair:2)
  A hornet (D:9)
  Grinder (D:5)
  7 blink frogs
  A hippogriff (D:8)
  10 yaks
  A spriggan (D:10)
  A human (D:10)
  2 wyverns
  2 hungry ghosts
  A porcupine (Lair:2)
  A water moccasin (D:7)
  2 orc warriors
  11 ice beasts
  3 sky beasts
  3 black bears
  4 wolves (Lair:2)
  A necrophage (D:10)
  3 phantoms
  6 centaurs
  2 ogres
  5 crocodiles
  3 big kobolds
  7 bullfrogs
  A water moccasin zombie (D:11)
  A scorpion (D:9)
  2 troll zombies (D:11)
  6 killer bees (D:11)
  13 wights
  3 howler monkeys
  7 crimson imps
  A wyvern simulacrum (D:6)
  A bullfrog skeleton (D:6)
  3 bullfrog zombies
  3 quasits
  6 human zombies (D:8)
  6 orc priests
  7 hounds
  8 orc wizards
  8 worker ants
  2 centaur skeletons
  2 iguanas
  A human skeleton (D:8)
  A bullfrog simulacrum (D:6)
  4 ogre zombies (D:11)
  A hound skeleton (D:6)
  4 mummies (D:8)
  2 worker ant zombies
  11 adders
  4 gnolls
  5 shadow imps
  3 white imps (Lair:2)
  2 oozes (D:1)
  2 worms
  A dart slug (D:2)
  4 leopard geckos
  24 orcs
  3 ball pythons
  3 giant cockroaches
  2 goblins
  6 hobgoblins
  11 jackals
  3 quokkas
  A ball python skeleton (D:4)
  3 bats
  2 frilled lizards
  A goblin skeleton (D:11)
  4 goblin zombies (D:11)
  A hobgoblin zombie (D:11)
  15 kobolds
  A leopard gecko skeleton (D:4)
  2 orc skeletons (D:11)
  10 orc zombies (D:11)
  A quokka zombie (D:6)
  2 rats (D:2)
320 creatures vanquished.

Vanquished Creatures (others)
  A blink frog (Lair:2)
  A yak (D:9)
  A wyvern zombie (D:10)
  An adder (D:4)
  A leopard gecko (D:2)
  An orc zombie (D:11)
  2 fungi (Lair:2)
  2 withered plants (Lair:1)
10 creatures vanquished.

Grand Total: 330 creatures vanquished

Notes
Turn   | Place    | Note
-------+----------+-------------------------------------------
     0 | D:1      | BledDest the Troll Monk began the quest for the Orb.
     0 | D:1      | Reached XP level 1. HP: 22/22 MP: 0/0
   193 | D:1      | Reached XP level 2. HP: 23/29 MP: 1/1
   393 | D:1      | Reached XP level 3. HP: 34/36 MP: 2/2
   750 | D:2      | Found a shadowy altar of Dithmenos.
   782 | D:2      | Found a shimmering blue altar of Sif Muna.
   783 | D:2      | Found a shattered altar of Ashenzari.
   784 | D:2      | Found a sacrificial altar of Ru.
   787 | D:2      | Found an opulent altar of Gozag.
   792 | D:2      | Became a worshipper of Ru the Awakened
   805 | D:2      | Gained mutation: You are missing a hand. [Ru sacrifice]
   805 | D:2      | Reached * piety under Ru
   805 | D:2      | Reached ** piety under Ru
   805 | D:2      | Reached *** piety under Ru
  1062 | D:2      | Reached XP level 4. HP: 41/44 MP: 3/3
  1087 | D:2      | Reached skill level 5 in Unarmed Combat
  1686 | D:3      | Found a faded altar of an unknown god.
  1959 | D:3      | Found a white marble altar of Elyvilon.
  2069 | D:3      | Found a basalt altar of Yredelemnul.
  2136 | D:3      | Found a bloodstained altar of Trog.
  2139 | D:3      | Found a glowing silver altar of Zin.
  2142 | D:3      | Found an iron altar of Okawaru.
  2197 | D:3      | Found a runed translucent door.
  2197 | D:3      | Noticed dracomuter's ghost (novice BaIE)
  2214 | D:3      | Killed dracomuter's ghost
  2214 | D:3      | Reached XP level 5. HP: 3/50 MP: 4/4
  2214 | D:3      | Reached XP level 6. HP: 4/59 MP: 5/5
  2427 | D:4      | Found a burning altar of Makhleb.
  2464 | D:4      | Found a staircase to the Ecumenical Temple.
  2521 | D:4      | Reached XP level 7. HP: 62/66 MP: 6/6
  2610 | D:4      | Gained mutation: You cannot study or cast Fire magic. [Ru
                  | sacrifice]
  2610 | D:4      | Gained mutation: You cannot study or cast Hexes magic. [Ru
                  | sacrifice]
  2610 | D:4      | Gained mutation: You cannot study or cast Conjurations
                  | magic. [Ru sacrifice]
  2610 | D:4      | Reached **** piety under Ru
  2797 | D:5      | Entered Level 5 of the Dungeon
  2797 | D:5      | Noticed Grinder
  2803 | D:5      | Paralysed by Grinder for 4 turns
  2812 | D:5      | Killed Grinder
  2923 | D:5      | Reached XP level 8. HP: 71/74 MP: 7/7
  2961 | D:5      | Reached skill level 10 in Unarmed Combat
  3352 | D:6      | Found Yhucirra's Mass Market.
  3360 | D:6      | Bought 4 large rocks for 42 gold pieces
  3382 | D:6      | Found Sebrir's Gadget Shoppe.
  3645 | D:6      | Found a runed translucent gate.
  3646 | D:6      | Found a runed translucent gate.
  3662 | D:6      | Found a runed translucent gate.
  3664 | D:6      | Noticed farkougg's ghost (novice MfSk)
  4192 | D:7      | Reached XP level 9. HP: 77/80 MP: 8/8
  4200 | D:7      | Gained mutation: You cannot be stealthy. [Ru sacrifice]
  4290 | D:7      | Reached skill level 1 in Throwing
  4386 | D:7      | Reached skill level 2 in Throwing
  4415 | D:7      | Reached skill level 3 in Throwing
  4468 | D:7      | Reached skill level 4 in Throwing
  4724 | D:7      | Reached skill level 5 in Throwing
  5096 | D:8      | Reached skill level 6 in Throwing
  5322 | D:8      | Noticed Maggie
  5325 | D:8      | Paralysed by Maggie for 6 turns
  5336 | D:8      | Killed Maggie
  5336 | D:8      | Reached skill level 7 in Throwing
  5504 | D:8      | Reached XP level 10. HP: 88/88 MP: 9/9
  5579 | D:8      | Found a basalt altar of Yredelemnul.
  5620 | D:8      | Noticed Harold
  5637 | D:8      | Killed Harold
  5637 | D:8      | Reached skill level 8 in Throwing
  6133 | D:9      | Reached skill level 9 in Throwing
  6171 | D:9      | Paralysed by a hornet for 2 turns
  6385 | D:9      | Found a hazy altar of Hepliaklqana.
  6488 | D:9      | Gained mutation: You are frail. (-10% HP) [Ru sacrifice]
  6488 | D:9      | Reached ***** piety under Ru
  6488 | D:9      | Reached ****** piety under Ru
  6724 | D:9      | Found a blossoming altar of Fedhas.
  6880 | D:9      | Reached skill level 10 in Throwing
  7269 | D:10     | Entered Level 10 of the Dungeon
  7424 | D:10     | Noticed a two-headed ogre
  7448 | D:10     | Killed a two-headed ogre
  7448 | D:10     | Reached skill level 11 in Throwing
  7448 | D:10     | Reached XP level 11. HP: 26/83 MP: 10/10
  7706 | D:10     | Noticed Snorg
  7728 | D:10     | Killed Snorg
  7879 | D:10     | Noticed Urug
  7898 | D:10     | Killed Urug
  7898 | D:10     | Reached skill level 12 in Throwing
  8168 | D:10     | Noticed Erica
  8176 | D:10     | Killed Erica
  8315 | D:6      | Killed farkougg's ghost
  8705 | D:11     | Found a staircase to the Orcish Mines.
  8822 | D:11     | Reached skill level 13 in Throwing
  8868 | D:11     | Noticed Erolcha
  8871 | D:11     | Killed Erolcha
  9106 | D:11     | Noticed a two-headed ogre
  9118 | D:11     | Killed a two-headed ogre
  9148 | D:11     | Found a staircase to the Lair.
  9687 | Lair:1   | Entered Level 1 of the Lair of Beasts
  9709 | Lair:1   | Found a sparkling altar of Nemelex Xobeh.
  9841 | Lair:1   | Found a runed translucent door.
  9842 | Lair:1   | Noticed Sammaje's ghost (novice MiBe)
  9901 | Lair:1   | Reached XP level 12. HP: 64/92 MP: 11/11
  9967 | Lair:1   | Reached skill level 14 in Throwing
 10187 | Lair:1   | Reached skill level 1 in Evocations
 11409 | Lair:2   | HP: 4/93 [ice statue/bolt of cold (11)]
 11412 | Lair:2   | Engulfed by a cloud of freezing vapour

Illustrated notes

Levels and vault maps discovered:
D:1:      ncdulo_smallfort, layout_basic, kennysheep_doodads,
          chequers_serial_rivers_room_a
D:2:      layout_loops_corners, nicolae_dithmenos_shadow_blocks, minitemple
D:3:      layout_loops_ring, kennysheep_ying_yang,
          grunt_temple_overflow_diamond, ebering_ghost_sewer_d,
          chequers_ecumenical_altar_island
D:4:      layout_rooms, minmay_temple_entry_fiery, first_ration, bloody_makhleb
D:5:      layout_rooms, nicolae_overflow_hidden_temple, uniq_grinder
D:6:      layout_gridville, serial_shops, shop, gammafunk_ghost_necromancy,
          minmay_shop_mass
D:7:      layout_basic, kennysheep_generic_room_7
D:8:      layout_loops_corners, lemuel_mausoleum_altar_yredelemnul, uniq_maggie,
          uniq_harold
D:9:      layout_irregular_city, lemuel_crystal_altar, fedhas_altar_1
D:10:     layout_roguey, hangedman_stone_soup, uniq_erica, uniq_urug, uniq_snorg
D:11:     layout_stronghold, lair_entry_dummy, zombieorc1_lemuel, uniq_erolcha
Lair:1:   layout_regular_city, gammafunk_ghost_grave, basic_altar,
          chequers_serial_rivers_room_a
Lair:2:   layout_roguey, ice2_lemuel

Skill      XL: |  1  2  3  4  5  6  7  8  9 10 11 12 |
---------------+-------------------------------------+-----
Unarmed Combat | 4 7 8 9 11 12 | 12.0
Stealth        | 0 |  0.0
Throwing       | 7 11 13 14 | 14.0
Evocations     | 3 |  3.4
Dodging        | 4 |  4.6
Fighting       | |  2.4

Action                   |  1- 3 |  4- 6 |  7- 9 | 10-12 || total
-------------------------+-------+-------+-------+-------++-------
Melee: Unarmed           |    91 |    87 |   318 |   668 ||  1164
       Punch             |     2 |       |       |       ||     2
Throw: Dart              |       |       |       |    14 ||    14
       Large rock        |       |       |       |    20 ||    20
Invok: Sacrifice a Hand  |     1 |       |       |       ||     1
       Sacrifice Arcana  |       |       |     1 |       ||     1
       Sacrifice Stealth |       |       |     1 |       ||     1
       Draw Out Power    |       |       |       |     1 ||     1
       Sacrifice Health  |       |       |       |     1 ||     1
       Apocalypse        |       |       |       |     1 ||     1
  Use: Scroll            |       |       |    12 |     5 ||    17
       Potion            |       |       |       |     2 ||     2
 Stab: Sleeping          |     2 |     2 |     4 |       ||     8
       Invisible         |       |       |     6 |     9 ||    15
       Distracted        |       |       |     2 |     3 ||     5
       Paralysed         |       |       |     1 |    14 ||    15
  Eat: Chunk             |    10 |    17 |    37 |    58 ||   122
Armor: Robe              |    28 |    30 |    63 |       ||   121
       Steam dragon scal |       |       |    15 |    62 ||    77
       Troll leather arm |       |       |       |   113 ||   113
Dodge: Dodged            |    51 |    32 |   132 |   262 ||   477
       Repelled          |       |       |     7 |     9 ||    16
